 Dungeon Crawl Stone Soup version 0.29-a0-872-g797fff5ad1 (webtiles) character file.

Game seed: 14389428521151399558

1528 clackabat the Basher (level 8, -13/53 HPs)
             Began as a Gargoyle Fighter on July 18, 2022.
             Was a Follower of Qazlal.
             Mangled by a kobold
             ... wielding a +0 dagger of distortion
              (24 damage)
             ... on level 5 of the Dungeon.
             The game lasted 00:10:24 (6151 turns).

clackabat the Basher (Gargoyle Fighter)             Turns: 6151, Time: 00:10:25

Health: -13/53     AC: 16    Str: 21    XL:     8   Next: 85%
Magic:  8/8        EV: 13    Int: 10    God:    Qazlal [*.....]
Gold:   271        SH:  6    Dex:  9    Spells: 7/7 levels left

rFire   . . .      SeeInvis .   a - +1 flail
rCold   . . .      Faith    .   c - +0 buckler
rNeg    + . .      Spirit   .   b - +0 scale mail
rPois   ∞          Reflect  .   k - +2 hat
rElec   +          Harm     .   o - +0 cloak
rCorr   .          Rampage  .   j - +0 pair of gloves
Will    .....                   (no boots)
Stlth   ..........              (no amulet)
HPRegen 0.17/turn               r - +4 ring of evasion
MPRegen 0.11/turn               (no ring)

@: no status effects
A: sickness immunity, AC +5, negative energy resistance 1, electricity
resistance, torment resistance 1, petrification resistance
a: Renounce Religion


You were on level 5 of the Dungeon.
You worshipped Qazlal.
Qazlal was aware of your devotion.
You visited 1 branch of the dungeon, and saw 5 of its levels.

You collected 271 gold pieces.

Inventory:

Hand Weapons
 a - a +1 flail (weapon)
 h - a +0 whip
Armour
 b - a +0 scale mail (worn)
 c - a +0 buckler (worn)
 e - the +2 leather armour of Restlessness {Dex+2}
   (You found it on level 3 of the Dungeon)

   Dex:       It affects your dexterity (+2).
 j - a +0 pair of gloves (worn)
 k - a +2 hat (worn)
 l - a +0 helmet
 o - a +0 cloak (worn)
 t - a +3 scale mail of poison resistance
Jewellery
 i - a ring of magical power
 r - a +4 ring of evasion (left hand)
Wands
 m - a wand of charming (8)
 n - a wand of flame (15)
 p - a wand of roots (2)
Scrolls
 f - a scroll of amnesia {unknown}
 s - 2 scrolls of magic mapping {unknown}
 u - a scroll of teleportation
 x - a scroll of identify
 y - 3 scrolls of fog {unknown}
Potions
 d - 2 potions of might
 g - 3 potions of curing
 q - a potion of brilliance
 v - a potion of mutation
 w - a potion of haste


   Skills:
 + Level 7.5 Fighting
 * Level 9.1 Maces & Flails
 - Level 3.2 Armour
 - Level 3.2 Shields


You had 7 spell levels left.
You didn't know any spells.
Your spell library contained the following spells:

 Spells                   Type           Power      Damage    Failure   Level
 Magic Dart               Conj           0%         1d3       80%         1
 Slow                     Hex            0%         N/A       80%         1
 Call Imp                 Summ           0%         N/A       90%         2
 Confusing Touch          Hex            0%         N/A       99%         3
 Ignite Poison            Fire/Tmut/Pois 0%         N/A       99%         3
 Mephitic Cloud           Conj/Pois/Air  0%         N/A       99%         3
 Vampiric Draining        Necr           0%         2d6       99%         3
 Freezing Cloud           Conj/Ice/Air   0%         6-21      100%        5


Dungeon Overview and Level Annotations

Branches:
Dungeon (5/15)             Temple (0/1) D:4

Altars:
Makhleb
Qazlal
Uskayaw
Vehumet
Lugonu

Shops:
D:3 :   D:4 :   D:5 (

Portals:
Abyss: D:5


Innate Abilities, Weirdness & Mutations

You are immune to sickness and miasma.
Your stone body is resilient. (AC +5)
You are immune to poison.
You resist negative energy. (rN+)
You are resistant to electric shocks. (rElec)
You are resistant to unholy torment.
You are immune to petrification.


Message History

Space warps around you.
You sock the kobold brigand!
The kobold brigand is moderately wounded.
The kobold brigand barely misses you.
You hit the kobold brigand.
The kobold brigand is moderately wounded.
The kobold brigand closely misses you.
You sock the kobold brigand!
The kobold brigand is severely wounded.
The kobold brigand hits you with the +9 short sword of Spite {distort, *Noise rPois rC+ Int+4}.
You blink.
The kobold brigand throws a curare-tipped dart.
The curare-tipped dart hits you.
The kobold brigand hits you with the +9 short sword of Spite {distort, *Noise rPois rC+ Int+4}.
Space warps horribly around you!
You closely miss the kobold brigand.
The kobold brigand is severely wounded.
You block the kobold brigand's attack.
You closely miss the kobold brigand.
The kobold brigand is severely wounded.
The kobold brigand hits you but does no damage.
You blink.
You sock the kobold brigand!
You kill the kobold brigand!
Qazlal accepts your kill.
Your Maces & Flails skill increases to level 9!
You hit the kobold but do no damage.
The kobold is moderately wounded.
You closely miss the kobold. The kobold hits you but does no damage.
The kobold barely misses you.
You miss the kobold. The kobold hits you but does no damage.
Space warps around you. The kobold hits you but does no damage.
You blink.
You are too injured to fight recklessly!
You are too injured to fight recklessly!
You barely miss the kobold.
The kobold is moderately wounded.
The kobold hits you but does no damage. Space warps horribly around you!
* * * LOW HITPOINT WARNING * * *
The kobold hits you but does no damage. Space warps horribly around you!!
You die...

.........###..##
........##.....####
.^.....###........#
...#..####..)_...#
..##....##..§K§K§#
...##...###.##§###
...#..##..####K##
..###..#...##.§K##
....##.#..##..§K@#
...........##§§§##
..#........######
#.####....###...#
...# ###..###..##
...# ##...#.## .###
#.....## ..#
#...>..# .######
#......#


You could see 3 kobolds.

Vanquished Creatures
  Eustachio (D:5)
  Duvessa (D:5)
  A water moccasin (D:5)
  An ice beast (D:5)
  2 phantoms (D:5)
  A kobold brigand (D:5)
  A scorpion (D:5)
  Dowan (D:5)
  2 quasits (D:4)
  An orc priest (D:3)
  2 jellies (D:5)
  2 iguanas
  Ijyb (D:4)
  Natasha (thrice) (D:4)
  6 orc wizards
  Robin (D:4)
  5 gnolls
  10 adders
  2 shadow imps (D:4)
  2 white imps (D:4)
  4 ufetubi (D:4)
  A worm (D:3)
  A dart slug (D:5)
  14 orcs
  8 ball pythons
  3 bats
  7 endoplasms
  4 giant cockroaches
  11 goblins
  7 hobgoblins
  3 kobolds
  2 quokkas
  4 frilled lizards
  3 rats
118 creatures vanquished.

Vanquished Creatures (others)
  3 demonic plants (D:4)
3 creatures vanquished.

Grand Total: 121 creatures vanquished

Notes
Turn   | Place    | Note
-------+----------+-------------------------------------------
     0 | D:1      | clackabat the Gargoyle Fighter began the quest for the Orb.
     0 | D:1      | Reached XP level 1. HP: 14/14 MP: 1/1
    21 | D:1      | Found a faded altar of an unknown god.
   333 | D:1      | Reached XP level 2. HP: 4/19 MP: 2/2
  1141 | D:2      | Reached skill level 3 in Maces & Flails
  1148 | D:2      | Reached XP level 3. HP: 17/24 MP: 3/3
  1955 | D:2      | Reached XP level 4. HP: 28/29 MP: 4/4
  2274 | D:3      | Found a hide-covered altar of Uskayaw.
  2372 | D:3      | Reached skill level 4 in Maces & Flails
  2426 | D:3      | HP: 1/29 [orc priest/divine providence (11)]
  2431 | D:3      | HP: 1/29 [something (4)]
  2445 | D:3      | Reached XP level 5. HP: 7/34 MP: 5/5
  2454 | D:3      | Identified the +2 leather armour of Restlessness {Dex+2}
  2566 | D:3      | Found Kican's Book Shoppe.
  2731 | D:3      | Found a burning altar of Makhleb.
  2957 | D:3      | Found a stormy altar of Qazlal.
  3313 | D:3      | Became a worshipper of Qazlal Stormbringer
  3398 | D:4      | Noticed Robin
  3415 | D:4      | Killed Robin
  3416 | D:4      | Reached skill level 5 in Maces & Flails
  3742 | D:4      | Reached XP level 6. HP: 40/40 MP: 6/6
  3752 | D:4      | Noticed Natasha
  3759 | D:4      | Killed Natasha
  3766 | D:4      | Noticed Natasha
  3770 | D:4      | Killed Natasha
  3770 | D:4      | Reached * piety under Qazlal
  3771 | D:4      | Reached skill level 5 in Fighting
  3905 | D:4      | Noticed Ijyb
  3921 | D:4      | Killed Ijyb
  4057 | D:4      | Noticed Natasha
  4078 | D:4      | Killed Natasha
  4079 | D:4      | Reached skill level 6 in Maces & Flails
  4276 | D:4      | Found a staircase to the Ecumenical Temple.
  4418 | D:4      | Found Renoenie's Book Shoppe.
  4584 | D:4      | Reached XP level 7. HP: 32/44 MP: 7/7
  5064 | D:5      | Entered Level 5 of the Dungeon
  5165 | D:5      | Noticed Eustachio
  5183 | D:5      | Killed Eustachio
  5184 | D:5      | Reached skill level 7 in Maces & Flails
  5216 | D:5      | Found a radiant altar of Vehumet.
  5268 | D:5      | Reached XP level 8. HP: 44/52 MP: 8/8
  5317 | D:5      | Noticed Duvessa
  5317 | D:5      | Noticed Dowan
  5330 | D:5      | Killed Dowan
  5334 | D:5      | Killed Duvessa
  5335 | D:5      | Reached skill level 8 in Maces & Flails
  5423 | D:5      | Found Uxteclex's Antique Weapon Shop.
  5858 | D:5      | Found a large runed translucent door.
  5858 | D:5      | Found a large runed translucent door.
  5858 | D:5      | Found a corrupted altar of Lugonu.
  5887 | D:5      | Found a one-way gate to the infinite horrors of the Abyss.
  6071 | D:5      | Identified the +9 short sword of Spite {distort, *Noise
                  | rPois rC+ Int+4}
  6147 | D:5      | Reached skill level 9 in Maces & Flails
  6151 | D:5      | Mangled by a kobold

Illustrated notes

Levels and vault maps discovered:
D:1:      psy_arrival_conway, layout_loops_ring, basic_ecumenical_altar,
          amcnicky_mini_corridor_feature
D:2:      minmay_door_path, layout_basic, minmay_misc_feat_pillars, st_stairs_14
D:3:      layout_loops_ring, bloody_makhleb, grunt_qazlal_sundering,
          overflow_temple_1_default, serial_shops, shop_statue,
          patterned_corridor
D:4:      layout_loops_corners, minmay_temple_entry_mini_moons, serial_shops,
          nicolae_square_shop, serial_demonic, serial_demonic_f,
          serial_demonic_a, serial_demonic_e, serial_demonic_c,
          serial_demonic_a, serial_demonic_f, serial_demonic_d,
          minmay_large_rounded_square, uniq_robin, uniq_natasha, uniq_ijyb
D:5:      due_chaos_kobolds, layout_cave_pools, nicolae_vehumet_altar_sigil,
          kennysheep_windowed_goal, uniq_eustachio, uniq_duvessa

Skill      XL: |  1  2  3  4  5  6  7  8 |
---------------+-------------------------+-----
Maces & Flails | 3 4 5 6 7 9 |  9.1
Fighting       | 4 5 6 7 |  7.5
Armour         | |  3.2
Shields        | |  3.2

Action                   |  1- 3 |  4- 6 |  7- 9 || total
-------------------------+-------+-------+-------++-------
Melee: Flail             |    25 |   128 |   159 ||   312
       Whip              |   105 |    91 |       ||   196
  Use: Scroll            |       |     6 |     3 ||     9
       Potion            |       |     8 |       ||     8
Armor: Scale mail        |    66 |   170 |    73 ||   309
Dodge: Dodged            |    63 |   210 |    82 ||   355
Block: Buckler           |    14 |    63 |    47 ||   124

Table legend: (Time is in decaauts)
 A = Elapsed time spent in this place.
 B = Non-inter-level travel time spent in this place.
 C = Inter-level travel time spent in this place.
 D = Time resting spent in this place.
 E = Time spent auto-exploring this place.
 F = Levels seen in this place.
 G = Mean time per level.
                   A        B        C        D        E       F      G
               +--------+--------+--------+--------+--------+-----+--------+
         Total |   6207 |   5767 |    440 |   1296 |   3497 |   5 | 1241.4 |
       Dungeon |   6207 |   5767 |    440 |   1296 |   3497 |   5 | 1241.4 |
               +--------+--------+--------+--------+--------+-----+--------+

Top non-repeatable levels by time:
     D:4: 1780 daAuts
     D:1: 1136 daAuts
     D:3: 1107 daAuts
     D:2: 1094 daAuts
     D:5: 1087 daAuts
